 Dungeon Crawl Stone Soup version 0.24-a0-67-ga78bd38 (webtiles) character file.

Game seed: 3918190355217441001

338 galech the Chopper (level 6, -2/47 HPs)
             Began as a Demonspawn Fighter on Feb 5, 2019.
             Killed by divine providence
             ... invoked by an orc priest
              (8 damage)
             ... on level 4 of the Dungeon.
             The game lasted 00:03:36 (3283 turns).

galech the Chopper (Demonspawn Fighter)             Turns: 3283, Time: 00:03:37

Health: -2/47      AC: 10    Str: 16    XL:     6   Next: 29%
Magic:  6/6        EV:  4    Int: 10    God:
Gold:   244        SH:  9    Dex: 14    Spells: 5/5 levels left

rFire    . . .     SeeInvis .   a - +0 war axe
rCold    . . .     Gourm    .   c - +0 shield
rNeg     + . .     Faith    .   e - +0 chain mail
rPois    .         Spirit   .   (no helmet)
rElec    .         Reflect  .   k - +0 cloak
rCorr    .         Harm     .   (no gloves)
MR       .....                  (no boots)
Stlth    ..........             (no amulet)
HPRegen  0.15/turn              i - ring of positive energy
MPRegen  0.10/turn              (no ring)

@: no status effects
A: powered by death 2, rot immunity
a: no special abilities


You were on level 4 of the Dungeon.
You were not hungry.

You visited 1 branch of the dungeon, and saw 4 of its levels.

You collected 244 gold pieces.

Inventory:

Hand Weapons
 a - a +0 war axe (weapon)
Armour
 c - a +0 shield (worn)
 e - a +0 chain mail (worn)
 k - a +0 cloak (worn)
Jewellery
 i - a ring of positive energy (left hand)
Scrolls
 b - 2 scrolls of remove curse
 j - 2 scrolls of teleportation {unknown}
 m - 2 scrolls of amnesia {unknown}
 q - a scroll of enchant weapon {unknown}
 s - a scroll of magic mapping {unknown}
 w - a scroll of noise {unknown}
Potions
 d - a potion of might
 g - a potion of curing {unknown}
 h - 2 potions of lignification {unknown}
 l - a potion of brilliance {unknown}
 n - a potion of magic {unknown}
 o - 2 potions of flight {unknown}
 p - a potion of berserk rage {unknown}
 r - 2 potions of haste {unknown}
 t - 2 potions of heal wounds
 u - a potion of agility {unknown}
Comestibles
 f - 7 rations
 v - 2 chunks of flesh


   Skills:
 + Level 3.6 Fighting
 + Level 4.1 Axes
 + Level 3.7 Armour
 + Level 0.6 Dodging
 + Level 0.2 Stealth
 + Level 3.9 Shields


You had 5 spell levels left.
You didn't know any spells.
Your spell library was empty.

Dungeon Overview and Level Annotations

Branches:
Dungeon (4/15)
 Temple: D:4-7

Altars:
Xom
The Shining One


Innate Abilities, Weirdness & Mutations

You regenerate health from kills.
You are immune to rotting.


Message History

v - 2 chunks of flesh You see here an adder skeleton.
Found 8 javelins.
An orc priest comes into view. It is wielding a +0 flail.
The orc priest shouts!
You hear a shout!
The orc priest calls down the wrath of Beogh upon you.
Beogh smites you!
An orc priest comes into view. It is wielding a +0 falchion.
An orc priest comes into view. It is wielding a +0 morningstar.
The orc priest shouts!
The orc priest mumbles some strange prayers to Beogh against you.
Beogh smites you!
The orc priest calls down the wrath of Beogh upon you.
Beogh smites you!
* * * LOW HITPOINT WARNING * * *
The orc priest miscasts a cantrip.
The orc priest begins to cast a cantrip, but forgets the words!
The orc priest invokes the aid of Beogh against you.
Beogh smites you!
You die...

##..##########...####.......
##.......# #..#.# ########
#######.###.##.# #..##<##.#
###.##....# #..>......#
#.###...#.### ... #........
..#####@.##..## #####.....#
.# #..##.## # ##.###.#
#####..##..####
#.....#........
#.#####....#### #(o#.....
#..#.####


You could see an orc priest.

Vanquished Creatures
  A phantom (D:4)
  A centaur (D:2)
  Terence (D:2)
  An orc wizard (D:3)
  4 adders
  An ooze (D:1)
  4 worms (D:2)
  2 dart slugs
  2 leopard geckos
  4 orcs (D:3)
  2 giant cockroaches
  8 hobgoblins
  4 jackals (D:3)
  3 quokkas
  9 bats
  4 frilled lizards
  6 goblins
  4 kobolds
  13 rats
74 creatures vanquished.

Notes
Turn   | Place    | Note
-------+----------+-------------------------------------------
     0 | D:1      | galech the Demonspawn Fighter began the quest for the Orb.
     0 | D:1      | Reached XP level 1. HP: 18/18 MP: 1/1
   121 | D:1      | Reached skill level 2 in Axes
   121 | D:1      | Gained mutation: You regenerate a little health from kills.
                  | [demonic ancestry]
   121 | D:1      | Reached XP level 2. HP: 24/24 MP: 2/2
   429 | D:1      | Gained mutation: You regenerate health from kills. [demonic
                  | ancestry]
   429 | D:1      | Reached XP level 3. HP: 23/29 MP: 3/3
   613 | D:2      | Found a glowing golden altar of the Shining One.
   613 | D:2      | Found a shimmering altar of Xom.
   891 | D:2      | Reached XP level 4. HP: 11/35 MP: 4/4
  1143 | D:2      | Noticed a centaur
  1157 | D:2      | Killed a centaur
  1157 | D:2      | Reached skill level 3 in Axes
  1157 | D:2      | Reached XP level 5. HP: 33/41 MP: 5/5
  1397 | D:2      | Noticed Terence
  1423 | D:2      | Killed Terence
  2006 | D:3      | Reached skill level 4 in Axes
  2214 | D:4      | Noticed a phantom
  3160 | D:4      | Killed a phantom
  3160 | D:4      | Gained mutation: You are immune to rotting. [demonic
                  | ancestry]
  3160 | D:4      | Reached XP level 6. HP: 28/47 MP: 6/6
  3283 | D:4      | Killed from afar by an orc priest

Vault maps used:
D:1:      wander_arrival_lonely_grave, minivault_24, minivault_23,
          minmay_tromino_v7
D:2:      cheibrodos_old_hovel, gammafunk_temple_overflow_elements,
          minmay_stone_trees_small, uniq_terence
D:3:      first_ration
D:4:      kennysheep_flooded_box, grunt_gozag_breadcrumbs, uniq_ijyb

Skill      XL: |  1  2  3  4  5 |
---------------+----------------+-----
Axes           | 2 3 4 |  4.1
Armour         | 3 |  3.7
Shields        | 3 |  3.9
Fighting       | |  3.6
Dodging        | |  0.6
Stealth        | |  0.2

Action                   |  1- 3 |  4- 6 || total
-------------------------+-------+-------++-------
Melee: War axe           |   119 |   245 ||   364
  Use: Scroll            |       |     1 ||     1
 Stab: Distracted        |     1 |       ||     1
  Eat: Chunk             |       |     5 ||     5
       Ration            |       |     1 ||     1
Armor: Chain mail        |    70 |    59 ||   129
       Ring mail         |       |    40 ||    40
Dodge: Dodged            |    19 |    63 ||    82
Block: Shield            |    73 |   117 ||   190

Table legend:
 A = Non-vault XP
 B = Vault XP
 C = Vault XP percentage of total XP
 D = Non-vault monster count
 E = Vault monster count
 F = Vault count percentage of total count
                 A         B        C        D         E       F
            +---------+---------+-------+---------+---------+-------
      Total |     436 |      48 |   9.9 |      68 |       6 |   8.1
            +---------+---------+-------+---------+---------+-------
        D:1 |      35 |       7 |  16.7 |      20 |       4 |  16.7
        D:2 |     191 |      41 |  17.7 |      23 |       2 |   8.0
        D:3 |      73 |       0 |   0.0 |      23 |       0 |   0.0
        D:4 |     137 |       0 |   0.0 |       2 |       0 |   0.0
            +---------+---------+-------+---------+---------+-------
